Map: Ever Dream LE

Players

ClsClassiC

  • Race: Zerg Zerg
  • League: Master
  • Spawn Location: 1:00

MateNn - Winner!

  • Race: Terran Terran
  • Spawn Location: 7:00

VOD

Have the link to the VOD?

Description

Time

  • Played on: April 15, 2020, 11:24 a.m.
  • Length: 11:14
Show
View Real Time Build Order
Export as new Build Order

ClsClassiC Zerg 

Build Orders: Hatch First 

Get SALT Encoding   

  12  0:01  Drone  
  13  0:13  Overlord  
  13  0:17  Drone  
  14  0:31  Drone x2  
  16  0:36  Drone  
  17  0:54  Hatchery  
  16  1:00  Drone x2  
  18  1:14  Extractor  
  18  1:17  Spawning Pool  
  16  1:19  Drone  
  16  1:23  Drone  
  18  1:28  Drone  
  19  1:41  Overlord  
  19  2:04  Zergling x2  
  19  2:05  Zergling x2  
  19  2:06  Queen x2, Zergling x2  
  26  2:16  Metabolic Boost  
  26  2:20  Overlord  
  26  2:22  Drone  
  27  2:24  Drone  
  27  2:51  Drone x2  
  29  3:01  Drone x4  
  29  3:03  Hatchery  
  32  3:15  Drone  
  32  3:16  Drone x2  
  35  3:25  Drone x2  
  36  3:42  Drone x2  
  36  3:47  Queen  
  36  3:48  Queen  
  42  3:52  Extractor  
  42  3:54  Extractor  
  40  3:56  Extractor, Drone x2  
  40  3:57  Drone x2  
  40  3:58  Overlord x2  
  43  4:17  Queen, Hatchery  
  42  4:24  Lair  
  44  4:29  Drone  
  45  4:37  Drone x3  
  48  4:39  Drone x5  
  48  4:44  Spore Crawler  
  52  4:45  Spore Crawler  
  52  4:51  Zergling x10  
  52  4:52  Zergling x2  
  57  4:58  Zergling x2  
  56  5:13  Zergling x18  
  64  5:23  Drone  
  57  5:53  Spire, Drone  
  57  5:54  Drone x14  
  71  6:00  Spore Crawler  
  71  6:01  Pneumatized Carapace  
  70  6:09  Extractor  
  70  6:10  Extractor  
  68  6:12  Overlord  
  68  6:16  Spore Crawler  
  68  6:17  Drone  
  68  6:18  Drone x2  
  66  6:33  Zergling x2  
  66  6:34  Zergling x22  
  66  6:36  Drone  
  72  6:49  Extractor x2  
  72  6:52  Spine Crawler  
  69  6:54  Spine Crawler  
  69  6:56  Overlord x2  
  68  7:04  Spine Crawler  
  67  7:15  Mutalisk x7  
  63  7:16  Mutalisk  
  63  7:18  Mutalisk  
  78  7:28  Mutalisk  
  78  7:29  Mutalisk x2  
  79  7:31  Mutalisk  
  79  7:36  Mutalisk x2  
  85  7:44  Mutalisk x2  
  89  7:57  Mutalisk x3  
  95  8:08  Overlord x2  
  95  8:11  Zerg Flyer Weapons Level 1  
  95  8:14  Infestation Pit  
  95  8:15  Mutalisk  
  94  8:33  Mutalisk x3  
  98  8:43  Mutalisk  
  98  8:44  Mutalisk  
  93  8:48  Drone x5  
  70  9:12  Mutalisk x2  
  72  9:17  Drone  
  72  9:18  Drone x8  
  81  9:31  Hive  
  81  9:35  Extractor  
  81  9:37  Extractor  
  81  9:38  Mutalisk  
  79  9:40  Zergling x6  
  84  9:57  Zergling x22  
  93  10:09  Zergling x14  
  98  10:19  Mutalisk  
  95  10:25  Zergling x6  
Show
View Real Time Build Order
Export as new Build Order

MateNn Terran - Winner!

Build Orders: Reaper Expand, Hellion Banshee 

Get SALT Encoding   

  12  0:01  SCV  
  13  0:13  SCV  
  14  0:18  Supply Depot  
  14  0:25  SCV  
  15  0:39  SCV  
  15  0:41  Barracks  
  16  0:46  Refinery  
  16  0:51  SCV  
  17  1:03  SCV  
  18  1:15  SCV  
  19  1:28  Orbital Command  
  19  1:30  Reaper  
  20  1:42  Command Center  
  20  1:50  Supply Depot  
  20  1:54  SCV  
  21  2:04  Marine  
  21  2:06  SCV  
  23  2:14  Factory  
  23  2:20  SCV  
  23  2:21  Refinery  
  24  2:24  Barracks Reactor  
  24  2:36  SCV  
  25  2:48  SCV  
  26  3:00  SCV  
  26  3:03  Orbital Command, Starport  
  27  3:16  Hellion, Barracks Tech Lab  
  27  3:17  Hellion, SCV  
  32  3:37  SCV x2  
  32  3:38  Hellion x2  
  38  3:49  SCV  
  38  3:50  Cloaking Field, Banshee  
  38  3:52  SCV  
  38  3:54  Supply Depot  
  43  3:59  Barracks Tech Lab  
  43  4:01  SCV  
  44  4:04  SCV  
  45  4:10  Supply Depot  
  45  4:13  SCV  
  45  4:16  Hellion x2  
  50  4:21  SCV  
  50  4:22  Stimpack, Marine  
  52  4:29  SCV  
  53  4:33  SCV  
  53  4:36  Command Center  
  53  4:37  Banshee  
  56  4:41  SCV  
  56  4:45  SCV  
  58  4:48  Marine, Supply Depot  
  59  4:56  Barracks  
  59  4:57  Barracks, Engineering Bay  
  59  4:58  Engineering Bay  
  59  5:00  SCV x2  
  61  5:10  Factory Reactor  
  61  5:12  SCV  
  61  5:13  Refinery  
  62  5:15  Refinery, SCV  
  62  5:19  Supply Depot  
  62  5:20  Marine  
  64  5:25  SCV  
  64  5:28  Terran Infantry Weapons Level 1, Terran Infantry Armor Level 1  
  65  5:32  Supply Depot  
  63  5:36  Starport Reactor  
  63  5:37  Marine  
  63  5:38  SCV x2  
  66  5:44  Marine x2  
  68  5:55  Marine  
  69  5:59  Marine x2  
  69  6:02  Marine x2  
  69  6:03  Armory  
  73  6:07  Supply Depot  
  73  6:08  SCV  
  73  6:09  Supply Depot  
  74  6:13  Marine  
  74  6:14  Barracks  
  74  6:15  Barracks  
  74  6:17  Marine x2  
  77  6:19  Marine  
  75  6:26  Orbital Command, SCV  
  75  6:28  Missile Turret  
  75  6:30  Marine, Missile Turret  
  75  6:31  Marine  
  78  6:35  Marine x2  
  78  6:36  Siege Tank  
  78  6:37  Marine  
  75  6:44  SCV x2  
  75  6:46  Medivac x2  
  81  6:48  Marine  
  81  6:51  Supply Depot  
  81  6:52  SCV  
  83  6:59  Marine x2  
  83  7:00  Missile Turret  
  85  7:05  Barracks Reactor x2  
  85  7:10  Supply Depot  
  84  7:15  Marine  
  84  7:16  Marine x2  
  84  7:21  Marine x2  
  86  7:22  SCV  
  86  7:23  SCV  
  86  7:27  SCV  
  87  7:30  Supply Depot  
  87  7:32  Medivac x2, Supply Depot  
  87  7:33  Marine  
  87  7:35  SCV x2  
  94  7:37  Marine x2  
  94  7:38  Siege Tank  
  94  7:39  SCV  
  100  7:45  Terran Infantry Weapons Level 2  
  100  7:46  Terran Infantry Armor Level 2  
  100  7:47  SCV  
  100  7:49  SCV  
  102  8:01  Marine x3  
  102  8:03  Medivac x2, Marine x2  
  102  8:04  Marine x2  
  113  8:09  Marine  
  113  8:10  Siege Tank, SCV  
  118  8:15  Refinery  
  118  8:16  Marine  
  118  8:17  Refinery  
  118  8:18  Factory  
  119  8:20  Marine, SCV  
  119  8:21  Marine x2  
  119  8:23  Marine x3  
  120  8:30  Marine x2  
  120  8:33  Marine  
  116  8:38  Marine  
  116  8:40  Marine x2  
  117  8:45  Marine x2  
  117  8:46  Marine  
  117  8:47  Marine  
  121  8:49  SCV x3  
  121  8:52  Marine x2  
  126  8:56  Marine  
  126  8:58  Medivac x2, Marine x2  
  126  9:01  SCV  
  126  9:02  Siege Tank  
  131  9:03  Marine x2  
  131  9:04  Marine  
  131  9:05  Marine  
  119  9:10  Marine x2  
  119  9:14  Marine  
  119  9:15  Factory Tech Lab  
  119  9:16  Marine x2  
  116  9:17  SCV x2  
  116  9:21  Marine x3  
  116  9:23  Marine  
  119  9:27  SCV  
  119  9:28  Marine x2  
  119  9:31  SCV  
  121  9:32  Marine  
  121  9:34  Marine x2, Siege Tank  
  123  9:39  Marine x3  
  123  9:41  Marine  
  120  9:45  Marine  
  120  9:46  Marine  
  120  9:49  Marine  
  120  9:50  Siege Tank  
  120  9:51  Medivac  
  120  9:52  Marine x2  
  130  9:57  Marine x3  
  133  10:06  Marine x2, Command Center  
  133  10:07  Marine x2, Supply Depot, SCV  
  133  10:09  Marine x2, Supply Depot x2  
  136  10:14  Marine x2  
  136  10:17  Marine  
  139  10:22  Siege Tank  
  139  10:24  Marine x2  
  141  10:28  Marine x2  
  141  10:29  Marine  
  141  10:30  Marine  
  141  10:32  Marine x2  
  141  10:35  Marine  
  133  10:42  Medivac, Marine x2  
  135  10:46  Marine x2  
  135  10:47  Marine x2  
  135  10:50  Marine x2  
  135  10:52  Marine  
Tags
 
Add a new tag
Caveats
  • Supply blocks, unpowered buildings, or Contaminate may cause inaccurate times.
  • Supply counts are checked every 10 seconds.